 Dungeon Crawl Stone Soup version 0.20-a0-633-gff4aa5c (webtiles) character file.

3119 Kidiri the Thaumaturge (level 9, -4/49 HPs)
             Began as a Deep Elf Fire Elementalist on Feb 11, 2017.
             Slain by an orc warrior
             ... wielding a +0 war axe
              (22 damage)
             ... in a bailey.
             The game lasted 00:44:00 (8211 turns).

Kidiri the Thaumaturge (Deep Elf Fire Elementalist) Turns: 8211, Time: 00:44:01

Health: -4/49      AC:  5    Str:  5    XL:     9   Next: 60%
Magic:  0/25       EV: 15    Int: 24    God:
Gold:   341        SH:  0    Dex: 15    Spells: 10/28 levels left

rFire    . . .     SeeInvis .   m - +8 dagger (elec)
rCold    . . .     Gourm    .   a - +1 robe
rNeg     . . .     Faith    .   (no shield)
rPois    .         Spirit   .   D - +0 helmet
rElec    .         Reflect  .   (no cloak)
rCorr    .         Harm     .   (no gloves)
MR       .....                  x - +0 pair of boots
Stlth    ++........             (no amulet)
Regen    0.2/turn               (no ring)
                                (no ring)

@: very slightly contaminated, hasted, very quick
A: no striking features
a: no special abilities


You were in a bailey.
You were hungry.

You visited 2 branches of the dungeon, and saw 8 of its levels.
You also visited: Bailey.

You collected 341 gold pieces.

Inventory:

Hand Weapons
 m - a +8 dagger of electrocution (weapon)
Armour
 a - a +1 robe (worn)
 e - a +0 buckler
 n - a +2 leather armour of poison resistance
 x - a +0 pair of boots (worn)
 y - a +2 leather armour of fire resistance
 D - a +0 helmet (worn)
 E - a +3 leather armour
Jewellery
 h - an uncursed ring of ice
 j - an uncursed amulet of guardian spirit
 k - an uncursed ring of ice
 v - an uncursed ring of ice
 B - an uncursed ring of teleportation
Wands
 p - a wand of flame (12/48)
 C - a wand of flame (15/48)
Scrolls
 g - 2 scrolls of remove curse
 s - 4 scrolls of fear
 t - 2 scrolls of teleportation
 F - 3 scrolls of acquirement
Potions
 d - a potion of flight
 f - 2 potions of agility
 i - a potion of berserk rage
 l - 2 potions of might {unknown}
 q - a potion of ambrosia
 u - 2 potions of brilliance
 w - a potion of resistance
 z - 2 potions of curing {unknown}
 A - a potion of cancellation {unknown}
Books
 b - a book of Flames

   Spells                             Type                      Level
   a - Flame Tongue                   Conjuration/Fire             1
   b - Throw Flame                    Conjuration/Fire             2
   c - Conjure Flame                  Conjuration/Fire             3
   d - Inner Flame                    Hexes/Fire                   3
   e - Sticky Flame                   Conjuration/Fire             4
   f - Fireball                       Conjuration/Fire             5
Comestibles
 c - 3 bread rations
 r - 4 chunks of flesh


   Skills:
 + Level 2.8 Fighting
 + Level 3.6 Short Blades
 + Level 2.9 Armour
 + Level 5.3 Dodging
 - Level 2.4 Stealth
 + Level 2.8 Shields
 * Level 10.0 Spellcasting
 + Level 5.3 Conjurations
 + Level 6.2 Fire Magic
 + Level 2.5 Evocations


You had 10 spell levels left.
You knew the following spells:

 Your Spells              Type           Power        Failure   Level  Hunger
a - Flame Tongue          Conj/Fire      #####        1%          1    None
b - Throw Flame           Conj/Fire      #####.       1%          2    None
c - Conjure Flame         Conj/Fire      #####...     1%          3    None
d - Inner Flame           Hex/Fire       ####....     4%          3    None
e - Sticky Flame          Conj/Fire      #####...     6%          4    #......
f - Fireball              Conj/Fire      #####.....   17%         5    ####...


Dungeon Overview and Level Annotations

Branches:
Dungeon (7/15)             Temple (1/1) D:4

Altars:
Cheibriados
Dithmenos
Fedhas
Kikubaaqudgha
Makhleb
Nemelex Xobeh
Qazlal
Ru
Uskayaw
Xom
Yredelemnul
Zin
The Shining One


Message History

Casting: Flame Tongue
Confirm with . or Enter, or press ? or * to list all spells.
Aiming: Flame Tongue
Press: ? - help, Shift-Dir - straight line, f/p - orc warrior
Aim: an orc warrior, wielding a war axe and wearing a ring mail (heavily wounded)
The flame tongue hits the orc warrior.
The orc warrior is almost dead.
Casting: Flame Tongue
Confirm with . or Enter, or press ? or * to list all spells.
Aiming: Flame Tongue
Press: ? - help, Shift-Dir - straight line, f/p - orc warrior
Aim: an orc warrior, wielding a war axe and wearing a ring mail (almost dead)
The flame tongue hits the orc warrior.
The orc warrior is almost dead.
You hit the orc warrior but do no damage.
The orc warrior is almost dead.
You barely miss the orc warrior.
The orc warrior is almost dead.
The orc warrior hits you with a war axe!!
You die...

≈≈≈≈≈≈≈≈≈≈...≈≈≈≈≈≈≈≈≈≈
≈≈≈≈≈≈≈....)....≈≈≈≈≈≈≈
########...)...########
#...)...# #.......#
#...∩...# #.......#
###..o### #.∩@# #####


You could see an orc warrior.

Vanquished Creatures
  An orc knight (Bailey)
  An orc sorcerer (Bailey)
  A kobold demonologist (Bailey)
  Sigmund (D:4)
  Eustachio (D:5)
  3 orc warriors
  An ice beast (D:6)
  A sky beast (D:6)
  3 centaurs
  2 ogres (D:5)
  A scorpion (D:4)
  A howler monkey (D:4)
  2 electric eels (Bailey)
  A crimson imp (D:5)
  A hound (D:6)
  An orc wizard (D:5)
  A quasit (D:6)
  2 orc priests (D:5)
  A bullfrog skeleton (D:4)
  3 iguanas (D:4)
  Natasha (thrice) (D:4)
  6 worker ants
  A hound skeleton (D:4)
  2 adders
  5 gnolls (Bailey)
  3 oozes
  An adder skeleton (D:4)
  A worm (D:3)
  3 dart slugs (D:1)
  2 leopard geckos
  23 orcs
  A ball python (D:2)
  2 giant cockroaches
  10 hobgoblins
  3 jackals (D:2)
  5 kobolds
  2 quokkas
  3 bats
  6 frilled lizards
  19 goblins
  A quokka skeleton (D:5)
  5 rats
136 creatures vanquished.

Notes
Turn   | Place    | Note
-------+----------+-------------------------------------------
     0 | D:1      | Kidiri the Deep Elf Fire Elementalist began the quest for the Orb.
     0 | D:1      | Reached XP level 1. HP: 10/10 MP: 6/6
    64 | D:1      | Reached XP level 2. HP: 15/15 MP: 0/8
    68 | D:1      | Learned a level 2 spell: Throw Flame
   335 | D:1      | Reached skill level 4 in Spellcasting
   914 | D:2      | Reached XP level 3. HP: 18/19 MP: 1/10
   990 | D:2      | Learned a level 3 spell: Conjure Flame
   994 | D:2      | Learned a level 3 spell: Inner Flame
  1069 | D:2      | Found a snail-covered altar of Cheibriados.
  1071 | D:2      | Found a blossoming altar of Fedhas.
  1990 | D:3      | Reached XP level 4. HP: 24/24 MP: 3/12
  1993 | D:3      | Reached skill level 5 in Spellcasting
  2025 | D:3      | Learned a level 4 spell: Sticky Flame
  2972 | D:4      | Noticed Natasha
  2976 | D:4      | Killed Natasha
  2976 | D:4      | Reached XP level 5. HP: 16/28 MP: 5/15
  3197 | D:4      | Reached skill level 6 in Spellcasting
  3300 | D:4      | Noticed Natasha
  3304 | D:4      | Killed Natasha
  3352 | D:4      | Noticed a centaur
  3362 | D:4      | Killed a centaur
  3362 | D:4      | Reached XP level 6. HP: 25/32 MP: 10/17
  3369 | D:4      | Learned a level 5 spell: Fireball
  3387 | D:4      | Noticed Natasha
  3391 | D:4      | Killed Natasha
  3391 | D:4      | Reached skill level 7 in Spellcasting
  3853 | D:4      | Found a staircase to the Ecumenical Temple.
  3864 | Temple   | Entered the Ecumenical Temple
  4147 | D:4      | Noticed Sigmund
  4208 | D:4      | Reached skill level 1 in Short Blades
  4208 | D:4      | Reached XP level 7. HP: 25/37 MP: 7/19
  4411 | D:4      | Found a sacrificial altar of Ru.
  4653 | D:4      | Killed Sigmund
  4653 | D:4      | Reached skill level 1 in Armour
  4653 | D:4      | Reached skill level 5 in Fire Magic
  4771 | D:5      | Entered Level 5 of the Dungeon
  4774 | D:5      | Reached skill level 1 in Fighting
  4774 | D:5      | Reached skill level 1 in Shields
  5112 | D:5      | Reached skill level 8 in Spellcasting
  5118 | D:5      | Reached XP level 8. HP: 43/43 MP: 1/22
  5452 | D:5      | Noticed Eustachio
  5469 | D:5      | Killed Eustachio
  7120 | D:6      | Reached skill level 9 in Spellcasting
  7120 | D:6      | Reached skill level 1 in Evocations
  7317 | D:7      | Found a flagged portal.
  7332 | Bailey   | Entered a bailey
  7631 | Bailey   | Noticed a kobold demonologist
  7634 | Bailey   | Noticed an orc sorcerer
  7637 | Bailey   | Killed a kobold demonologist
  7637 | Bailey   | Reached XP level 9. HP: 25/49 MP: 14/24
  7640 | Bailey   | Found an iron altar of Okawaru.
  7642 | Bailey   | Noticed a smoke demon
  7644 | Bailey   | Killed an orc sorcerer
  7644 | Bailey   | Reached skill level 5 in Dodging
  7644 | Bailey   | Reached skill level 5 in Conjurations
  7948 | Bailey   | Noticed an orc knight
  7966 | Bailey   | Killed an orc knight
  7975 | Bailey   | Reached skill level 10 in Spellcasting
  8211 | Bailey   | Slain by an orc warrior

Vault maps used:
D:1:      evilmike_arrival_plus
D:2:      chequers_temple_overflow_statue_of_worship, minmay_misc_feat_room
D:3:      corner_web_ring
D:4:      nicolae_ru_path_of_blood, temple_hall, first_bread,
          kennysheep_generic_room_3, uniq_sigmund, uniq_natasha
D:5:      uniq_eustachio
D:6:      grunt_decor_cap
D:7:      lemuel_bear_cage, chequers_temple_overflow_minitemple, enter_bailey_3
Temple:   jpeg_temple_alley_garden
Bailey:   bailey_axe_of_yendor_kennysheep, bailey

Skill      XL: |  1  2  3  4  5  6  7  8  9 |
---------------+----------------------------+-----
Spellcasting   | 4 5 6 7 8 9 10 | 10.0
Conjurations   | 2 3 4 5 |  5.3
Fire Magic     | 4 5 6 |  6.2
Short Blades   | 1 2 3 |  3.6
Dodging        | 3 4 5 |  5.3
Armour         | 1 2 |  2.9
Fighting       | 1 2 |  2.8
Shields        | 1 2 |  2.8
Evocations     | 1 2 |  2.5
Stealth        | |  2.4

Action                   |  1- 3 |  4- 6 |  7- 9 || total
-------------------------+-------+-------+-------++-------
Melee: Dagger            |     3 |    18 |    29 ||    50
 Cast: Flame Tongue      |    75 |    66 |    85 ||   226
       Throw Flame       |     3 |    12 |     9 ||    24
       Sticky Flame      |       |     4 |    19 ||    23
       Fireball          |       |       |     9 ||     9
       Conjure Flame     |       |       |     1 ||     1
  Use: Scroll            |    10 |     9 |     9 ||    28
       Potion            |       |     1 |     1 ||     2
 Stab: Sleeping          |     1 |     2 |     1 ||     4
  Eat: Chunk             |     3 |     6 |     5 ||    14
       Bread ration      |       |     1 |       ||     1
       Fruit             |       |       |     8 ||     8
Armor: Robe              |     3 |       |     7 ||    10
       Leather armour    |       |     6 |     6 ||    12
Dodge: Dodged            |    19 |    37 |    66 ||   122
